| TOP OF THE 1ST |
|
UCLA Bruins batting - Pitching for Rice University Owls : RHP Bror Wuopio
|
|
Pitching: RHP Bror Wuopio
|
|
|
Batting: RHB Hidesuke Yoshida
|
0-0: Called Strike 0-1: SINGLE (Groundball, 6D, EV 104.4 MPH)
|
|
Batting: RHB Benedikt Fleischmann
|
0-0: Called Strike Hidesuke Yoshida steals 2nd base 0-1: Ball 1-1: Fly out, F8 (Flyball, 89D, EV 103.1 MPH) Runner from 2nd tags up, SAFE at 3rd, no throw by CF
|
|
Batting: RHB Xavier Reeves
|
0-0: Called Strike 0-1: Fly out, F8 (Flyball, 8LD, EV 93.8 MPH) Runner from 3rd tags up, SCORES, throw by CF
|
|
Batting: RHB Angel Melendez
|
0-0: Ball 1-0: Ball 2-0: Called Strike 2-1: Ball 3-1: Base on Balls
|
|
Batting: SHB Sean Munns
|
0-0: Ball 1-0: Called Strike 1-1: Foul Ball, location: 2F 1-2: Strikes out swinging
|
| Top of the 1st over - 1 run, 1 hit, 0 errors, 1 left on base; UCLA 1 - Rice University 0 |
| BOTTOM OF THE 1ST |
|
Rice University Owls batting - Pitching for UCLA Bruins : LHP Honor Munoz
|
|
Pitching: LHP Honor Munoz
|
|
|
Batting: SHB Yu-hsui Lew
|
0-0: Swinging Strike 0-1: Foul Ball, location: 2F 0-2: Hit by Pitch
|
|
Batting: RHB Russ Kennett
|
0-0: Ball 1-0: Ball 2-0: Called Strike 2-1: Ball 3-1: Base on Balls Yu-hsui Lew to second
|
|
Batting: LHB Eddie Lemus
|
0-0: Ball 1-0: Called Strike 1-1: Swinging Strike 1-2: Ball 2-2: Strikes out swinging
|
|
Batting: SHB Joan Coucieiro
|
0-0: Foul Ball, location: 2F 0-1: Swinging Strike 0-2: Strikes out looking
|
|
Batting: RHB Alonzo Cardona
|
0-0: Swinging Strike 0-1: Ball 1-1: Fielders Choice at 2nd, 6-4 (Groundball, 6, EV 88.8 MPH)
|
| Bottom of the 1st over - 0 runs, 0 hits, 0 errors, 2 left on base; UCLA 1 - Rice University 0 |
| TOP OF THE 2ND |
|
UCLA Bruins batting - Pitching for Rice University Owls : RHP Bror Wuopio
|
|
Batting: RHB Issac Konol
|
0-0: Called Strike 0-1: Foul Ball, location: 2F 0-2: Ball 1-2: Ball 2-2: Ball 3-2: Foul Ball, location: 2F 3-2: Strikes out swinging
|
|
Batting: RHB Juan Carrillo
|
0-0: Ball 1-0: Fly out, F9 (Line Drive, 89M, EV 103.8 MPH)
|
|
Batting: LHB Mark Cummings
|
0-0: Called Strike 0-1: Ball 1-1: Called Strike 1-2: Ball 2-2: Ball 3-2: Strikes out swinging
|
| Top of the 2nd over - 0 runs, 0 hits, 0 errors, 0 left on base; UCLA 1 - Rice University 0 |
| BOTTOM OF THE 2ND |
|
Rice University Owls batting - Pitching for UCLA Bruins : LHP Honor Munoz
|
|
Batting: LHB David Coatney
|
0-0: Ball 1-0: Foul Ball, location: 2F 1-1: Hit by Pitch
|
|
Batting: RHB Yu-zeng Mai
|
0-0: Called Strike 0-1: Ball 1-1: Ball 2-1: Fielders Choice at 2nd, 4-6 (Groundball, 34, EV 84.4 MPH)
|
|
Batting: RHB John Burgis
|
0-0: Ball 1-0: Ball 2-0: Called Strike 2-1: Foul Ball, location: 2F 2-2: Fly out, F6 (Line Drive, 6M, EV 68.1 MPH)
|
|
Batting: RHB Fred Saxton
|
0-0: Ball 1-0: Fly out, F8 (Flyball, 8RD, EV 108.8 MPH)
|
| Bottom of the 2nd over - 0 runs, 0 hits, 0 errors, 1 left on base; UCLA 1 - Rice University 0 |
| TOP OF THE 3RD |
|
UCLA Bruins batting - Pitching for Rice University Owls : RHP Bror Wuopio
|
|
Batting: RHB Carlos Murillo
|
0-0: Ball 1-0: Called Strike 1-1: Ball 2-1: Foul Ball, location: 2F 2-2: SINGLE (Groundball, 56S, EV 71.2 MPH) (infield hit)
|
|
Batting: RHB Hidesuke Yoshida
|
0-0: Fly out, F7 (Line Drive, 7S, EV 96.2 MPH)
|
|
Batting: RHB Benedikt Fleischmann
|
0-0: Called Strike 0-1: Swinging Strike 0-2: Ball 1-2: Foul Ball, location: 2F 1-2: Ball 2-2: Foul Ball, location: 2F 2-2: Ball 3-2: Foul Ball, location: 2F 3-2: Fielders Choice at 2nd, 5-4 (Groundball, 56, EV 98.1 MPH)
|
|
Batting: RHB Xavier Reeves
|
0-0: Ball 1-0: Called Strike 1-1: Ball 2-1: Called Strike 2-2: Ball 3-2: Fly out, F9 (Line Drive, 9S, EV 103.8 MPH)
|
| Top of the 3rd over - 0 runs, 1 hit, 0 errors, 1 left on base; UCLA 1 - Rice University 0 |
| BOTTOM OF THE 3RD |
|
Rice University Owls batting - Pitching for UCLA Bruins : LHP Honor Munoz
|
|
Batting: SHB Yu-hsui Lew
|
0-0: Foul Ball, location: 2F 0-1: Fly out, F7 (Flyball, 7, EV 75.6 MPH)
|
|
Batting: RHB Russ Kennett
|
0-0: Ball 1-0: Fly out, F9 (Flyball, 89D, EV 106.2 MPH)
|
|
Batting: LHB Eddie Lemus
|
0-0: Ball 1-0: Ball 2-0: Foul Ball, location: 2F 2-1: Called Strike 2-2: Ball 3-2: Strikes out swinging
|
| Bottom of the 3rd over - 0 runs, 0 hits, 0 errors, 0 left on base; UCLA 1 - Rice University 0 |
| TOP OF THE 4TH |
|
UCLA Bruins batting - Pitching for Rice University Owls : RHP Bror Wuopio
|
|
Batting: RHB Angel Melendez
|
0-0: Swinging Strike 0-1: Ball 1-1: Ball 2-1: Ball 3-1: Foul Ball, location: 2F 3-2: Foul Ball, location: 2F 3-2: DOUBLE (Groundball, 5L, EV 105.0 MPH)
|
|
Batting: SHB Sean Munns
|
0-0: Called Strike 0-1: Swinging Strike 0-2: Ball 1-2: Foul Ball, location: 2F 1-2: Ball 2-2: Foul Ball, location: 2F 2-2: Ball 3-2: SINGLE (Line Drive, 89S, EV 93.1 MPH) Angel Melendez to third Runner from 3rd tries for Home, SAFE, throw by RF to home
|
|
Batting: RHB Issac Konol
|
0-0: Called Strike 0-1: Foul Ball, location: 2F 0-2: Ball 1-2: Ball 2-2: Foul Ball, location: 2F 2-2: Ball 3-2: Fielders Choice at 2nd, 4-6 (Groundball, 4M, EV 105.6 MPH)
|
|
Batting: RHB Juan Carrillo
|
0-0: Swinging Strike 0-1: Foul Ball, location: 2F 0-2: Hit by Pitch Issac Konol to second
|
|
Pitching: RHP Steve Seaman
|
|
|
Batting: LHB Mark Cummings
|
0-0: Ball 1-0: Swinging Strike 1-1: Called Strike 1-2: Strikes out looking
|
|
Batting: RHB Carlos Murillo
|
0-0: Called Strike 0-1: Fielders Choice at 2nd, 5-4 (Groundball, 56, EV 111.2 MPH)
|
| Top of the 4th over - 1 run, 2 hits, 0 errors, 2 left on base; UCLA 2 - Rice University 0 |
| BOTTOM OF THE 4TH |
|
Rice University Owls batting - Pitching for UCLA Bruins : LHP Honor Munoz
|
|
Batting: SHB Joan Coucieiro
|
0-0: Called Strike 0-1: Swinging Strike 0-2: Ball 1-2: Foul Ball, location: 2F 1-2: Ball 2-2: DOUBLE (Line Drive, 89D, EV 114.4 MPH)
|
|
Batting: RHB Alonzo Cardona
|
0-0: Foul Ball, location: 2F 0-1: Ball 1-1: Foul Ball, location: 2F 1-2: Foul Ball, location: 2F 1-2: Ground out 4-3 (Groundball, 4, EV 86.2 MPH) Joan Coucieiro to third
|
|
Batting: LHB David Coatney
|
0-0: Ball 1-0: Ball 2-0: Swinging Strike 2-1: Ball 3-1: Base on Balls
|
|
Batting: RHB Yu-zeng Mai
|
0-0: Ball 1-0: Ball 2-0: Called Strike 2-1: Swinging Strike 2-2: SINGLE (Flyball, 78S, EV 92.5 MPH) Joan Coucieiro scores David Coatney to second
|
|
Batting: RHB John Burgis
|
0-0: Fly out, F7 (Flyball, 78M, EV 81.2 MPH)
|
|
Batting: RHB Fred Saxton
|
0-0: DOUBLE (Groundball, 5L, EV 95.6 MPH) David Coatney scores Yu-zeng Mai to third Runner from 3rd tries for Home, SAFE, throw by LF to home
|
|
Batting: SHB Yu-hsui Lew
|
0-0: Ball Fred Saxton steals 3rd base 1-0: Ball Wild Pitch! Fred Saxton scores 2-0: Ball 3-0: Base on Balls
|
|
Batting: RHB Russ Kennett
|
0-0: Reached on error, E6 (Groundball, 6, EV 83.8 MPH) Yu-hsui Lew to second
|
|
Batting: LHB Eddie Lemus
|
0-0: Ground out 4-3 (Groundball, 34D, EV 103.8 MPH)
|
| Bottom of the 4th over - 4 runs, 3 hits, 1 error, 2 left on base; UCLA 2 - Rice University 4 |
| TOP OF THE 5TH |
|
UCLA Bruins batting - Pitching for Rice University Owls : RHP Steve Seaman
|
|
Batting: RHB Hidesuke Yoshida
|
0-0: Fly out, F8 (Flyball, 8RM, EV 81.2 MPH)
|
|
Batting: RHB Benedikt Fleischmann
|
0-0: Ball 1-0: Swinging Strike 1-1: Ground out 6-3 (Groundball, 6, EV 81.9 MPH)
|
|
Batting: RHB Xavier Reeves
|
0-0: Ball 1-0: Foul Ball, location: 2F 1-1: Fly out, F8 (Line Drive, 8LD, EV 95.0 MPH)
|
| Top of the 5th over - 0 runs, 0 hits, 0 errors, 0 left on base; UCLA 2 - Rice University 4 |
| BOTTOM OF THE 5TH |
|
Rice University Owls batting - Pitching for UCLA Bruins : LHP Honor Munoz
|
|
Batting: SHB Joan Coucieiro
|
0-0: Ball 1-0: Ball 2-0: Called Strike 2-1: Swinging Strike 2-2: Ball 3-2: Strikes out swinging
|
|
Pitching: LHP Kenny Coolbaugh
|
|
|
Batting: RHB Alonzo Cardona
|
0-0: Ball 1-0: Ball 2-0: Called Strike 2-1: Foul Ball, location: 2F 2-2: Ball 3-2: Foul Ball, location: 2F 3-2: Foul Ball, location: 2F 3-2: Base on Balls
|
|
Batting: LHB David Coatney
|
0-0: Fly out, F7 (Line Drive, 7, EV 93.1 MPH)
|
|
Batting: RHB Yu-zeng Mai
|
0-0: Fielders Choice at 2nd, U6 (Groundball, 6M, EV 81.9 MPH)
|
| Bottom of the 5th over - 0 runs, 0 hits, 0 errors, 1 left on base; UCLA 2 - Rice University 4 |
| TOP OF THE 6TH |
|
UCLA Bruins batting - Pitching for Rice University Owls : RHP Steve Seaman
|
|
Batting: RHB Angel Melendez
|
0-0: Foul Ball, location: 2F 0-1: SINGLE (Groundball, 6MD, EV 103.1 MPH)
|
|
Batting: SHB Sean Munns
|
0-0: Fly out, F9 (Flyball, 9S, EV 88.1 MPH)
|
|
Batting: RHB Issac Konol
|
0-0: Called Strike Angel Melendez steals 2nd base 0-1: Foul Ball, location: 2F 0-2: Foul Ball, location: 2F 0-2: Ball 1-2: Ball 2-2: Ball 3-2: Fly out, F9 (Line Drive, 9LM, EV 105.0 MPH)
|
|
Pinch Hitting: RHB Michael Alvarado
|
0-0: Called Strike 0-1: Ball 1-1: Foul Ball, location: 2F 1-2: Strikes out swinging
|
| Top of the 6th over - 0 runs, 1 hit, 0 errors, 1 left on base; UCLA 2 - Rice University 4 |
| BOTTOM OF THE 6TH |
|
Rice University Owls batting - Pitching for UCLA Bruins : LHP Kenny Coolbaugh
|
|
Now at 2B: Michael Alvarado
|
|
|
Batting: RHB John Burgis
|
0-0: Ground out 2-3 (Groundball, 15S, EV 64.4 MPH)
|
|
Batting: RHB Fred Saxton
|
0-0: Ball 1-0: Swinging Strike 1-1: Called Strike 1-2: Fly out, F8 (Flyball, 8RD, EV 100.6 MPH)
|
|
Batting: SHB Yu-hsui Lew
|
0-0: Ball 1-0: Called Strike 1-1: Ball 2-1: Swinging Strike 2-2: Ground out 5-3 (Groundball, 5, EV 98.1 MPH)
|
| Bottom of the 6th over - 0 runs, 0 hits, 0 errors, 0 left on base; UCLA 2 - Rice University 4 |
| TOP OF THE 7TH |
|
UCLA Bruins batting - Pitching for Rice University Owls : RHP Steve Seaman
|
|
Batting: LHB Mark Cummings
|
0-0: Ball 1-0: Ball 2-0: Fly out, F7 (Line Drive, 7S, EV 98.8 MPH)
|
|
Batting: RHB Carlos Murillo
|
0-0: Ball 1-0: SINGLE (Line Drive, 78M, EV 111.2 MPH)
|
|
Batting: RHB Hidesuke Yoshida
|
0-0: Called Strike 0-1: Grounds into double play, 4-6-3 (Groundball, 4, EV 104.4 MPH)
|
| Top of the 7th over - 0 runs, 1 hit, 0 errors, 0 left on base; UCLA 2 - Rice University 4 |
| BOTTOM OF THE 7TH |
|
Rice University Owls batting - Pitching for UCLA Bruins : LHP Kenny Coolbaugh
|
|
Pitching: RHP Mark Crawford
|
|
|
Batting: RHB Russ Kennett
|
0-0: Fly out, F8 (Flyball, 8RD, EV 100.0 MPH)
|
|
Batting: LHB Eddie Lemus
|
0-0: Called Strike 0-1: Hit by Pitch
|
|
Batting: SHB Joan Coucieiro
|
0-0: Ball 1-0: Foul Ball, location: 2F 1-1: Ball 2-1: 2-RUN HOME RUN (Flyball, 9LD, EV 96.9 MPH), Distance : 352 ft
|
|
Batting: RHB Alonzo Cardona
|
0-0: Called Strike 0-1: Swinging Strike 0-2: Foul Ball, location: 2F 0-2: Ground out 5-3 (Groundball, 56S, EV 72.5 MPH)
|
|
Batting: LHB David Coatney
|
0-0: Swinging Strike 0-1: Ball 1-1: Swinging Strike 1-2: Ball 2-2: Foul Ball, location: 2F 2-2: Ball 3-2: Foul Ball, location: 2F 3-2: Strikes out swinging
|
| Bottom of the 7th over - 2 runs, 1 hit, 0 errors, 0 left on base; UCLA 2 - Rice University 6 |
| TOP OF THE 8TH |
|
UCLA Bruins batting - Pitching for Rice University Owls : RHP Steve Seaman
|
|
Pinch Hitting: LHB Scott Mullett
|
0-0: Ball 1-0: Foul Ball, location: 2F 1-1: Ball 2-1: Called Strike 2-2: Ball 3-2: Fly out, F8 (Flyball, 8LS, EV 83.1 MPH)
|
|
Batting: RHB Xavier Reeves
|
0-0: Called Strike 0-1: Ball 1-1: Foul Ball, location: 2F 1-2: Fly out, F4 (Line Drive, 4, EV 73.1 MPH)
|
|
Batting: RHB Angel Melendez
|
0-0: Ground out 5-3 (Groundball, 56S, EV 90.0 MPH)
|
| Top of the 8th over - 0 runs, 0 hits, 0 errors, 0 left on base; UCLA 2 - Rice University 6 |
| BOTTOM OF THE 8TH |
|
Rice University Owls batting - Pitching for UCLA Bruins : RHP Mark Crawford
|
|
Pitching: RHP Luis de Jesus
|
|
|
Now in RF: Scott Mullett
|
|
|
Batting: RHB Yu-zeng Mai
|
0-0: Called Strike 0-1: Ball 1-1: Ball 2-1: Called Strike 2-2: Foul Ball, location: 2F 2-2: Strikes out swinging
|
|
Batting: RHB John Burgis
|
0-0: Ball 1-0: Foul Ball, location: 2F 1-1: Ball 2-1: Foul Ball, location: 2F 2-2: Ball 3-2: Foul Ball, location: 2F 3-2: Foul Ball, location: 2F 3-2: Strikes out looking
|
|
Batting: RHB Fred Saxton
|
0-0: Ground out 4-3 (Groundball, 4, EV 90.6 MPH)
|
| Bottom of the 8th over - 0 runs, 0 hits, 0 errors, 0 left on base; UCLA 2 - Rice University 6 |
| TOP OF THE 9TH |
|
UCLA Bruins batting - Pitching for Rice University Owls : RHP Steve Seaman
|
|
Pitching: LHP Joel Brown
|
|
|
Batting: SHB Sean Munns
|
0-0: Swinging Strike 0-1: Ball 1-1: Swinging Strike 1-2: Ball 2-2: Ball 3-2: Strikes out swinging
|
|
Batting: RHB Issac Konol
|
0-0: Ball 1-0: Ball 2-0: Fly out, F8 (Flyball, 8RM, EV 94.4 MPH)
|
|
Batting: RHB Michael Alvarado
|
0-0: Called Strike 0-1: Swinging Strike 0-2: Strikes out swinging
|
| Top of the 9th over - 0 runs, 0 hits, 0 errors, 0 left on base; UCLA 2 - Rice University 6 |
|